Match 40935666
Unlisted

Match 40935666
End
Construct Infanterie Kompanie
Selects Italian Coastal Battlegroup
Selects Coastal Reserves
Coastal Reserve
Construct Infanterie Kompanie
MG 42 Machine Gun Team
Coastal Reserve
GrW 34 Mortar Team
Infanterie Officer Quarters
Pioneer Squad
Construct Panzergrenadier Kompanie
251 Medium Carrier
Selects Artillery Officer
Artillery Officer
FutureNP
CAuMOH
atank
!!!!!!!!!!!!
0
0

Comments sign in to comment!

No comments posted yet!